Workbook

Sheet Debts
A1: Yellowcell — Sample Debt Payoff
A2: Yellow cells = your numbers. Gray cells = formulas. No macros. Not financial advice. Author: Yellowcell.
A4: EXTRA MONTHLY PAYMENT | C4: 100 | D4: PLAN START | E4: 46266 | F4: TOTAL BALANCE | G4: =SUM(C7:C9) | H4: TOTAL MINIMUMS | I4: =SUM(E7:E9)
A6: # | B6: Name | C6: Balance | D6: APR | E6: Min payment | F6: Monthly interest | G6: Snowball rank | H6: Avalanche rank | I6: Min-only months | J6: Notes
A7: =IF(B7="","",ROW()-6) | B7: Store card | C7: 850 | D7: 0.229 | E7: 35 | F7: =IF(OR(B7="",C7=""),"",C7*D7/12) | G7: =IF(B7="","",COUNTIFS($B$7:$B$9,"<>",$C$7:$C$9,"<"&C7)+COUNTIFS($B$7:B7,"<>",$C$7:C7,C7)) | H7: =IF(B7="","",COUNTIFS($B$7:$B$9,"<>",$D$7:$D$9,">"&D7)+COUNTIFS($B$7:B7,"<>",$D$7:D7,D7)) | I7: =IF(B7="","",IF(OR(E7<=0,AND(D7>0,E7<=C7*D7/12)),"Min too low",IFERROR(ROUNDUP(NPER(D7/12,-E7,C7),0),""))) | J7: SAMPLE
A8: =IF(B8="","",ROW()-6) | B8: Credit card | C8: 2100 | D8: 0.2499 | E8: 65 | F8: =IF(OR(B8="",C8=""),"",C8*D8/12) | G8: =IF(B8="","",COUNTIFS($B$7:$B$9,"<>",$C$7:$C$9,"<"&C8)+COUNTIFS($B$7:B8,"<>",$C$7:C8,C8)) | H8: =IF(B8="","",COUNTIFS($B$7:$B$9,"<>",$D$7:$D$9,">"&D8)+COUNTIFS($B$7:B8,"<>",$D$7:D8,D8)) | I8: =IF(B8="","",IF(OR(E8<=0,AND(D8>0,E8<=C8*D8/12)),"Min too low",IFERROR(ROUNDUP(NPER(D8/12,-E8,C8),0),""))) | J8: SAMPLE
A9: =IF(B9="","",ROW()-6) | B9: Personal loan | C9: 4200 | D9: 0.119 | E9: 125 | F9: =IF(OR(B9="",C9=""),"",C9*D9/12) | G9: =IF(B9="","",COUNTIFS($B$7:$B$9,"<>",$C$7:$C$9,"<"&C9)+COUNTIFS($B$7:B9,"<>",$C$7:C9,C9)) | H9: =IF(B9="","",COUNTIFS($B$7:$B$9,"<>",$D$7:$D$9,">"&D9)+COUNTIFS($B$7:B9,"<>",$D$7:D9,D9)) | I9: =IF(B9="","",IF(OR(E9<=0,AND(D9>0,E9<=C9*D9/12)),"Min too low",IFERROR(ROUNDUP(NPER(D9/12,-E9,C9),0),""))) | J9: SAMPLE
A11: This free sample has three debts. The full Yellowcell Debt Payoff Tracker ($12) supports more debts, a month-by-month payoff plan, and a summary vs minimums only.

Sheet Snowball
A1: SNOWBALL · formulas only · do not type over gray cells
A2: Smallest balance first. Extra and freed minimums go to the current target. Sample of three debts.
A4: EXTRA | B4: =Debts!C4 | C4: START | D4: =Debts!E4 | E4: LAST DEBT CLEARED | F4: =IFERROR(EDATE($D$4,MAX(J7:J9)),"")
A6: Order | B6: Name | C6: Balance | D6: APR | E6: Min payment | F6: Payment when focused | G6: Months waiting | H6: Bal when focused | I6: Months to finish | J6: Total months | K6: Payoff date | L6: Interest | M6: Total paid
A7: 1 | B7: =IFERROR(INDEX(Debts!$B$7:$B$9,MATCH(1,Debts!$G$7:$G$9,0)),"") | C7: =IF(B7="","",IFERROR(INDEX(Debts!$C$7:$C$9,MATCH(1,Debts!$G$7:$G$9,0)),"")) | D7: =IF(B7="","",IFERROR(INDEX(Debts!$D$7:$D$9,MATCH(1,Debts!$G$7:$G$9,0)),"")) | E7: =IF(B7="","",IFERROR(INDEX(Debts!$E$7:$E$9,MATCH(1,Debts!$G$7:$G$9,0)),"")) | F7: =IF(B7="","",$B$4+SUMIF($A$7:$A7,"<="&A7,$E$7:E7)) | G7: =IF(B7="","",0) | H7: =IF(B7="","",IF(G7=0,C7,MAX(0,-FV(D7/12,G7,-E7,C7)))) | I7: =IF(B7="","",IF(H7<=0,0,IF(AND(D7>0,F7<=H7*D7/12),"Pmt too low",IFERROR(ROUNDUP(NPER(D7/12,-F7,H7),0),"")))) | J7: =IF(B7="","",IF(OR(I7="",ISTEXT(I7)),"",G7+I7)) | K7: =IF(OR(B7="",J7=""),"",EDATE($D$4,J7)) | L7: =IF(OR(B7="",J7=""),"",E7*G7+F7*I7-C7) | M7: =IF(OR(B7="",J7=""),"",E7*G7+F7*I7)
A8: 2 | B8: =IFERROR(INDEX(Debts!$B$7:$B$9,MATCH(2,Debts!$G$7:$G$9,0)),"") | C8: =IF(B8="","",IFERROR(INDEX(Debts!$C$7:$C$9,MATCH(2,Debts!$G$7:$G$9,0)),"")) | D8: =IF(B8="","",IFERROR(INDEX(Debts!$D$7:$D$9,MATCH(2,Debts!$G$7:$G$9,0)),"")) | E8: =IF(B8="","",IFERROR(INDEX(Debts!$E$7:$E$9,MATCH(2,Debts!$G$7:$G$9,0)),"")) | F8: =IF(B8="","",$B$4+SUMIF($A$7:$A8,"<="&A8,$E$7:E8)) | G8: =IF(B8="","",IF(J7="",0,J7)) | H8: =IF(B8="","",IF(G8=0,C8,MAX(0,-FV(D8/12,G8,-E8,C8)))) | I8: =IF(B8="","",IF(H8<=0,0,IF(AND(D8>0,F8<=H8*D8/12),"Pmt too low",IFERROR(ROUNDUP(NPER(D8/12,-F8,H8),0),"")))) | J8: =IF(B8="","",IF(OR(I8="",ISTEXT(I8)),"",G8+I8)) | K8: =IF(OR(B8="",J8=""),"",EDATE($D$4,J8)) | L8: =IF(OR(B8="",J8=""),"",E8*G8+F8*I8-C8) | M8: =IF(OR(B8="",J8=""),"",E8*G8+F8*I8)
A9: 3 | B9: =IFERROR(INDEX(Debts!$B$7:$B$9,MATCH(3,Debts!$G$7:$G$9,0)),"") | C9: =IF(B9="","",IFERROR(INDEX(Debts!$C$7:$C$9,MATCH(3,Debts!$G$7:$G$9,0)),"")) | D9: =IF(B9="","",IFERROR(INDEX(Debts!$D$7:$D$9,MATCH(3,Debts!$G$7:$G$9,0)),"")) | E9: =IF(B9="","",IFERROR(INDEX(Debts!$E$7:$E$9,MATCH(3,Debts!$G$7:$G$9,0)),"")) | F9: =IF(B9="","",$B$4+SUMIF($A$7:$A9,"<="&A9,$E$7:E9)) | G9: =IF(B9="","",IF(J8="",0,J8)) | H9: =IF(B9="","",IF(G9=0,C9,MAX(0,-FV(D9/12,G9,-E9,C9)))) | I9: =IF(B9="","",IF(H9<=0,0,IF(AND(D9>0,F9<=H9*D9/12),"Pmt too low",IFERROR(ROUNDUP(NPER(D9/12,-F9,H9),0),"")))) | J9: =IF(B9="","",IF(OR(I9="",ISTEXT(I9)),"",G9+I9)) | K9: =IF(OR(B9="",J9=""),"",EDATE($D$4,J9)) | L9: =IF(OR(B9="",J9=""),"",E9*G9+F9*I9-C9) | M9: =IF(OR(B9="",J9=""),"",E9*G9+F9*I9)
B11: TOTAL | C11: =SUM(C7:C9) | J11: =MAX(J7:J9) | L11: =SUM(L7:L9) | M11: =SUM(M7:M9)

Sheet Avalanche
A1: AVALANCHE · formulas only · do not type over gray cells
A2: Highest APR first. Extra and freed minimums go to the current target. Sample of three debts.
A4: EXTRA | B4: =Debts!C4 | C4: START | D4: =Debts!E4 | E4: LAST DEBT CLEARED | F4: =IFERROR(EDATE($D$4,MAX(J7:J9)),"")
A6: Order | B6: Name | C6: Balance | D6: APR | E6: Min payment | F6: Payment when focused | G6: Months waiting | H6: Bal when focused | I6: Months to finish | J6: Total months | K6: Payoff date | L6: Interest | M6: Total paid
A7: 1 | B7: =IFERROR(INDEX(Debts!$B$7:$B$9,MATCH(1,Debts!$H$7:$H$9,0)),"") | C7: =IF(B7="","",IFERROR(INDEX(Debts!$C$7:$C$9,MATCH(1,Debts!$H$7:$H$9,0)),"")) | D7: =IF(B7="","",IFERROR(INDEX(Debts!$D$7:$D$9,MATCH(1,Debts!$H$7:$H$9,0)),"")) | E7: =IF(B7="","",IFERROR(INDEX(Debts!$E$7:$E$9,MATCH(1,Debts!$H$7:$H$9,0)),"")) | F7: =IF(B7="","",$B$4+SUMIF($A$7:$A7,"<="&A7,$E$7:E7)) | G7: =IF(B7="","",0) | H7: =IF(B7="","",IF(G7=0,C7,MAX(0,-FV(D7/12,G7,-E7,C7)))) | I7: =IF(B7="","",IF(H7<=0,0,IF(AND(D7>0,F7<=H7*D7/12),"Pmt too low",IFERROR(ROUNDUP(NPER(D7/12,-F7,H7),0),"")))) | J7: =IF(B7="","",IF(OR(I7="",ISTEXT(I7)),"",G7+I7)) | K7: =IF(OR(B7="",J7=""),"",EDATE($D$4,J7)) | L7: =IF(OR(B7="",J7=""),"",E7*G7+F7*I7-C7) | M7: =IF(OR(B7="",J7=""),"",E7*G7+F7*I7)
A8: 2 | B8: =IFERROR(INDEX(Debts!$B$7:$B$9,MATCH(2,Debts!$H$7:$H$9,0)),"") | C8: =IF(B8="","",IFERROR(INDEX(Debts!$C$7:$C$9,MATCH(2,Debts!$H$7:$H$9,0)),"")) | D8: =IF(B8="","",IFERROR(INDEX(Debts!$D$7:$D$9,MATCH(2,Debts!$H$7:$H$9,0)),"")) | E8: =IF(B8="","",IFERROR(INDEX(Debts!$E$7:$E$9,MATCH(2,Debts!$H$7:$H$9,0)),"")) | F8: =IF(B8="","",$B$4+SUMIF($A$7:$A8,"<="&A8,$E$7:E8)) | G8: =IF(B8="","",IF(J7="",0,J7)) | H8: =IF(B8="","",IF(G8=0,C8,MAX(0,-FV(D8/12,G8,-E8,C8)))) | I8: =IF(B8="","",IF(H8<=0,0,IF(AND(D8>0,F8<=H8*D8/12),"Pmt too low",IFERROR(ROUNDUP(NPER(D8/12,-F8,H8),0),"")))) | J8: =IF(B8="","",IF(OR(I8="",ISTEXT(I8)),"",G8+I8)) | K8: =IF(OR(B8="",J8=""),"",EDATE($D$4,J8)) | L8: =IF(OR(B8="",J8=""),"",E8*G8+F8*I8-C8) | M8: =IF(OR(B8="",J8=""),"",E8*G8+F8*I8)
A9: 3 | B9: =IFERROR(INDEX(Debts!$B$7:$B$9,MATCH(3,Debts!$H$7:$H$9,0)),"") | C9: =IF(B9="","",IFERROR(INDEX(Debts!$C$7:$C$9,MATCH(3,Debts!$H$7:$H$9,0)),"")) | D9: =IF(B9="","",IFERROR(INDEX(Debts!$D$7:$D$9,MATCH(3,Debts!$H$7:$H$9,0)),"")) | E9: =IF(B9="","",IFERROR(INDEX(Debts!$E$7:$E$9,MATCH(3,Debts!$H$7:$H$9,0)),"")) | F9: =IF(B9="","",$B$4+SUMIF($A$7:$A9,"<="&A9,$E$7:E9)) | G9: =IF(B9="","",IF(J8="",0,J8)) | H9: =IF(B9="","",IF(G9=0,C9,MAX(0,-FV(D9/12,G9,-E9,C9)))) | I9: =IF(B9="","",IF(H9<=0,0,IF(AND(D9>0,F9<=H9*D9/12),"Pmt too low",IFERROR(ROUNDUP(NPER(D9/12,-F9,H9),0),"")))) | J9: =IF(B9="","",IF(OR(I9="",ISTEXT(I9)),"",G9+I9)) | K9: =IF(OR(B9="",J9=""),"",EDATE($D$4,J9)) | L9: =IF(OR(B9="",J9=""),"",E9*G9+F9*I9-C9) | M9: =IF(OR(B9="",J9=""),"",E9*G9+F9*I9)
B11: TOTAL | C11: =SUM(C7:C9) | J11: =MAX(J7:J9) | L11: =SUM(L7:L9) | M11: =SUM(M7:M9)

Sheet Compare
A1: COMPARE · snowball vs avalanche (sample)
A2: Months and interest come from the Snowball and Avalanche sheets (NPER). Not financial advice. Author: Yellowcell.
A4: TOTAL BALANCE | B4: =Debts!G4 | C4: EXTRA | D4: =Debts!C4 | E4: PLAN START | F4: =Debts!E4
A6: METHOD COMPARISON
A7: Method | B7: Months to clear | C7: Payoff date | D7: Total interest | E7: Total paid
A8: Snowball | B8: =Snowball!J11 | C8: =Snowball!F4 | D8: =Snowball!L11 | E8: =Snowball!M11
A9: Avalanche | B9: =Avalanche!J11 | C9: =Avalanche!F4 | D9: =Avalanche!L11 | E9: =Avalanche!M11
A11: Interest difference (snowball − avalanche) | B11: =D8-D9 | C11: (positive = avalanche costs less interest on this sample)
A13: Snowball: pay smallest balance first for early wins. Avalanche: pay highest APR first to cut interest. Replace the three sample debts on Debts with your own.
A15: Upgrade: full Debt Payoff Tracker Excel — more debt slots, month-by-month plan, summary vs minimums only — $12 on Gumroad (Yellowcell).

Sheet How to use
A1: How to use this sample debt payoff file
A3: 1. On Debts, change Extra monthly payment and Plan start in the yellow cells.
A4: 2. Replace Name, Balance, APR, and Min payment for the three sample debts (yellow).
A5: 3. Enter APR as 24.99% (or 0.2499). Gray ranks, interest, and min-only months update automatically.
A6: 4. Open Snowball and Avalanche for order, months, interest, and payoff dates. Do not type over gray cells.
A7: 5. Open Compare for a side-by-side summary of months and interest.
A8: 6. This sample is limited to three debts. Delete SAMPLE notes before sharing.
A10: This free sample is from Yellowcell. It is not tax, legal, or financial advice.
A11: Upgrade: Debt Payoff Tracker Excel — snowball vs avalanche, month-by-month plan — $12 on Gumroad.
